 Dungeon Crawl Stone Soup version 0.29-a0-275-g389c0b56f3 (webtiles) character file.

Game seed: 13939012029223039980

8092 sammy202020 the Fighter (level 11, -16/151 HPs)
             Began as a Minotaur Berserker on Mar 10, 2022.
             Was an Elder of Trog.
             Demolished by a centaur warrior simulacrum (27 damage)
             ... on level 10 of the Dungeon.
             The game lasted 00:19:04 (7393 turns).

sammy202020 the Fighter (Minotaur Berserker)        Turns: 7393, Time: 00:19:05

Health: -16/151    AC: 17    Str: 23    XL:     11   Next: 5%
Magic:  10/10      EV:  9    Int:  8    God:    Trog [****..]
Gold:   497        SH: 14    Dex:  9    Spells: 10/10 levels left

rFire   + . .      SeeInvis .   a - +2 demon whip (venom)
rCold   . . .      Faith    .   i - +4 kite shield of the Pleiades {Fly rN+ Will+}
rNeg    + . .      Spirit   .   F - +2 chain mail {rF+}
rPois   +          Reflect  .   (helmet restricted)
rElec   .          Harm     .   d - +0 cloak
rCorr   .          Rampage  .   p - +1 pair of gloves
Will    +++..                   (no boots)
Stlth   ..........              c - amulet of regeneration
HPRegen 2.15/turn               n - ring of poison resistance
MPRegen 0.12/turn               (no ring)

@: berserking, strong-willed, flying, regenerating, very quick
A: horns 2, retaliatory headbutt
a: Renounce Religion, Berserk, Trog's Hand, Brothers in Arms


You were on level 10 of the Dungeon.
You worshipped Trog.
Trog was greatly pleased with you.
You visited 1 branch of the dungeon, and saw 10 of its levels.

You collected 497 gold pieces.

Inventory:

Hand Weapons
 a - a +2 demon whip of venom (weapon)
 r - a +4 morningstar
 E - a +0 war axe
Missiles
 u - 9 boomerangs
 C - 8 poisoned darts (quivered)
Armour
 d - a +0 cloak (worn)
 i - the +4 kite shield of the Pleiades (worn) {Fly rN+ Will+}
   (You acquired it on level 1 of the Dungeon)

   rN:        It protects you from negative energy.
   Fly:       It grants you flight.
   Will:      It increases your willpower.
 p - a +1 pair of gloves (worn)
 F - a +2 chain mail of fire resistance (worn)
Jewellery
 c - an amulet of regeneration (around neck)
 g - a ring of fire
 n - a ring of poison resistance (left hand)
 y - an amulet of the acrobat
 D - a ring of flight
 G - an amulet of regeneration
Wands
 j - a wand of polymorph (5)
 k - a wand of charming (14)
 o - a wand of paralysis (11)
 x - a wand of iceblast (19)
 B - a wand of flame (16)
Scrolls
 l - a scroll of magic mapping
 v - 2 scrolls of blinking
 w - 3 scrolls of teleportation
Potions
 b - 6 potions of brilliance
 e - a potion of invisibility
 f - 2 potions of flight
 h - a potion of attraction {unknown}
 m - 2 potions of resistance
 q - 3 potions of curing
 s - a potion of lignification {unknown}
 t - a potion of might {unknown}
 z - 2 potions of heal wounds {unknown}
 A - 2 potions of magic {unknown}


   Skills:
 * Level 10.3 Fighting
 - Level 10.2(10.3) Axes
 * Level 1.7(6.7) Maces & Flails
 * Level 10.1 Armour
 + Level 6.6 Dodging
 * Level 9.4 Shields


You had 10 spell levels left.
You didn't know any spells.
Your spell library was empty.

Dungeon Overview and Level Annotations

Branches:
Dungeon (10/15)            Temple (0/1) D:4
   Lair: D:8-11         Orc: D:9-12

Altars:
Ashenzari
Nemelex Xobeh
Qazlal
Ru
Trog
Uskayaw
Vehumet
Wu Jian
Yredelemnul
Zin


Innate Abilities, Weirdness & Mutations

You have a pair of horns on your head.
You reflexively headbutt those who attack you in melee.


Message History

* * * LOW HITPOINT WARNING * * *
You partially resist.
You feel drained. You block the flying skull's attack.
Your life force feels restored.
You have reached level 11!
You thrash the hell rat!!
You kill the hell rat!
Trog accepts your kill. You block the flying skull's attack. x2
You barely miss the flying skull. You headbutt the flying skull!
The flying skull is heavily damaged.
The flying skull hits you.
* * * LOW HITPOINT WARNING * * *
Unknown command.
You completely miss the flying skull. Your headbutt misses the flying skull.
The flying skull is heavily damaged.
The centaur warrior simulacrum hits you but does no damage.
The centaur warrior simulacrum closely misses you.
The flying skull hits you.
* * * LOW HITPOINT WARNING * * *
The flying skull hits you but does no damage.
You miss the flying skull.
The flying skull is heavily damaged.
You block the flying skull's attack.
The centaur warrior simulacrum completely misses you.
The centaur warrior simulacrum kicks you but does no damage.
You block the flying skull's attack.
You miss the flying skull. You headbutt the flying skull!
You destroy the flying skull!
Trog accepts your kill. The flying skull barely misses you.
You furiously retaliate!
You headbutt the flying skull, but do no damage.
The centaur warrior simulacrum hits you but does no damage.
The centaur warrior simulacrum kicks you but does no damage.
You hit the flying skull. Your headbutt misses the flying skull.
The flying skull is moderately damaged.
You block the flying skull's attack.
The centaur warrior simulacrum hits you.
* * * LOW HITPOINT WARNING * * *
The centaur warrior simulacrum freezes you!!
You die...

####'#+#...#
#<.....#...#
#......#...#
#......#...#
#......†...#
#......#...#
#......#...#
#.zZ...#.....
#..@.###.......
######
.........
.........
.........


You could see a flying skull and a centaur warrior simulacrum.

Vanquished Creatures
  Erolcha (D:9)
  Amaemon (D:9)
  A centaur zombie (D:10)
  Maurice (D:8)
  Joseph (D:7)
  An orange demon (D:9)
  2 hornets
  2 flying skulls (D:10)
  A wyvern (D:6)
  A wraith (D:9)
  A vampire (D:8)
  A vampire mosquito (D:10)
  Menkaure (D:7)
  An acid dragon (D:8)
  4 water moccasins
  Duvessa (D:7)
  2 orc warriors
  2 ice beasts (D:7)
  3 sky beasts
  2 black bears
  2 ogres (D:6)
  A centaur (D:5)
  A phantom (D:7)
  A kobold brigand (D:7)
  3 bullfrogs
  Blork the orc (D:5)
  3 necrophages
  2 scorpions
  10 wights
  Dowan (D:7)
  8 killer bees
  3 howler monkeys
  3 hounds
  3 jellies (D:6)
  4 orc priests
  5 iguanas
  7 orc wizards
  A hell rat (D:10)
  10 adders
  8 gnolls (D:5)
  2 shadow imps
  A white imp (D:5)
  An ufetubus (D:7)
  3 worms
  3 dart slugs
  36 orcs
  6 bats
  6 endoplasms
  3 giant cockroaches
  8 goblins
  4 hobgoblins
  7 jackals
  7 kobolds
  4 quokkas
  6 ball pythons
  2 frilled lizards (D:1)
  5 rats
211 creatures vanquished.

Vanquished Creatures (others)
  A bat (D:1)
  4 plants (D:1)
5 creatures vanquished.

Grand Total: 216 creatures vanquished

Notes
Turn   | Place    | Note
-------+----------+-------------------------------------------
     0 | D:1      | sammy202020 the Minotaur Berserker began the quest for the
                  | Orb.
     0 | D:1      | Reached XP level 1. HP: 19/19 MP: 0/0
   326 | D:1      | Reached XP level 2. HP: 20/27 MP: 1/1
   866 | D:1      | Found a faded altar of an unknown god.
   870 | D:1      | Reached XP level 3. HP: 33/33 MP: 2/2
   998 | D:1      | Identified a scroll of acquirement
   998 | D:1      | Acquired the +4 kite shield of the Pleiades {Fly rN+ Will+}
  1045 | D:2      | Reached ** piety under Trog
  1085 | D:2      | Found a bloodstained altar of Trog.
  1271 | D:2      | Reached skill level 1 in Shields
  1271 | D:2      | Reached XP level 4. HP: 41/41 MP: 3/3
  1638 | D:3      | Reached XP level 5. HP: 28/47 MP: 4/4
  2074 | D:3      | Identified the +0 spear "Ikofaugu" {speed, Drain *Slow
                  | rElec Will+++ Str+8}
  2668 | D:4      | Found a staircase to the Ecumenical Temple.
  2858 | D:4      | Found a glowing silver altar of Zin.
  2858 | D:4      | Found a sacrificial altar of Ru.
  2858 | D:4      | Found a radiant altar of Vehumet.
  3075 | D:5      | Entered Level 5 of the Dungeon
  3140 | D:5      | Reached *** piety under Trog
  3141 | D:5      | Reached skill level 5 in Fighting
  3141 | D:5      | Reached skill level 5 in Axes
  3142 | D:5      | Reached XP level 6. HP: 48/56 MP: 5/5
  3356 | D:5      | Noticed a water moccasin
  3361 | D:5      | Killed a water moccasin
  3362 | D:5      | Reached skill level 5 in Armour
  3362 | D:5      | Reached XP level 7. HP: 45/61 MP: 6/6
  3894 | D:5      | Noticed Blork the orc
  3900 | D:5      | Killed Blork the orc
  3943 | D:5      | Found a hide-covered altar of Uskayaw.
  4095 | D:6      | Reached XP level 8. HP: 35/71 MP: 7/7
  4155 | D:6      | Found a stormy altar of Qazlal.
  4209 | D:6      | Reached skill level 5 in Shields
  4509 | D:6      | Found a basalt altar of Yredelemnul.
  4675 | D:6      | Found a broken altar of Ashenzari.
  4877 | D:7      | Noticed Dowan
  4880 | D:7      | Noticed Duvessa
  4899 | D:7      | Killed Duvessa
  4900 | D:7      | Reached XP level 9. HP: 74/79 MP: 8/8
  4902 | D:7      | Killed Dowan
  5032 | D:7      | Noticed Menkaure
  5033 | D:7      | Noticed Joseph
  5044 | D:7      | Killed Menkaure
  5045 | D:7      | Reached skill level 5 in Dodging
  5049 | D:7      | Killed Joseph
  5119 | D:7      | Reached **** piety under Trog
  6090 | D:8      | Reached XP level 10. HP: 90/90 MP: 9/9
  6171 | D:8      | Found a large runed translucent door.
  6172 | D:8      | Found a large runed translucent door.
  6195 | D:8      | Noticed Maurice
  6218 | D:8      | Killed Maurice
  6460 | D:8      | Found an ornate altar of the Wu Jian Council.
  6465 | D:8      | Found a sparkling altar of Nemelex Xobeh.
  6880 | D:9      | Noticed Amaemon
  6881 | D:9      | Noticed an orange demon
  6899 | D:9      | Killed Amaemon
  6903 | D:9      | Killed an orange demon
  6904 | D:9      | Reached skill level 10 in Axes
  7061 | D:9      | Noticed Erolcha
  7071 | D:9      | Killed Erolcha
  7072 | D:9      | Reached skill level 10 in Fighting
  7349 | D:10     | Entered Level 10 of the Dungeon
  7370 | D:10     | Reached skill level 10 in Armour
  7380 | D:10     | Reached skill level 1 in Maces & Flails
  7388 | D:10     | Reached XP level 11. HP: 14/101 MP: 10/10
  7393 | D:10     | Demolished by a centaur warrior simulacrum

Illustrated notes

Levels and vault maps discovered:
D:1:      dpeg_arrival_simpleton_a, layout_loops_ring,
          dilly_ecumenical_altar_fadedgnrine
D:2:      layout_basic, basic_altar
D:3:      layout_basic
D:4:      layout_basic, chequers_temple_overflow_statue_of_worship,
          temple_pool_b
D:5:      layout_basic, marbit_many_paths, uniq_blork_the_orc
D:6:      layout_basic, mainiacjoe_overflow_24_doors,
          mainiacjoe_overflow_alcove_4, minmay_ruined_shrine
D:7:      layout_basic, kennysheep_generic_room_13, uniq_menkaure, uniq_duvessa,
          uniq_joseph
D:8:      layout_cave_pools, jmf_multi_god_temple2, uniq_maurice
D:9:      layout_roguey, uniq_amaemon, uniq_erolcha
D:10:     lemuel_vampire_tower, layout_irregular_city, lemuel_blue_sif_altar,
          serial_shops, nicolae_diamond_shop, chequers_garden

Skill      XL: |  1  2  3  4  5  6  7  8  9 10 |
---------------+-------------------------------+-----
Fighting       | 4 5 6 7 8 10 | 10.3
Axes           | 4 5 6 7 9 10 | 10.2
Armour         | 3 4 5 7 8 10 | 10.1
Shields        | 1 2 3 4 6 7 9 |  9.4
Dodging        | 3 4 5 6 |  6.6
Maces & Flails | 1 |  1.7

Action                   |  1- 3 |  4- 6 |  7- 9 | 10-12 || total
-------------------------+-------+-------+-------+-------++-------
Melee: Hand axe          |   100 |   172 |   384 |       ||   656
       Headbutt          |     9 |    20 |    78 |    33 ||   140
       War axe           |       |       |    17 |   129 ||   146
       Demon whip        |       |       |       |    59 ||    59
       Morningstar       |       |       |       |    18 ||    18
Throw: Boomerang         |       |       |     6 |       ||     6
       Dart              |       |       |     2 |       ||     2
Invok: Trog's Hand       |       |     1 |     2 |     1 ||     4
       Berserk           |       |     1 |       |     3 ||     4
  Use: Scroll            |     2 |     6 |     4 |     2 ||    14
 Stab: Sleeping          |     1 |       |       |       ||     1
Armor: Animal skin       |    14 |       |       |       ||    14
       Chain mail        |    11 |    86 |   138 |   132 ||   367
Dodge: Dodged            |    62 |    42 |   122 |    55 ||   281
Block: Kite shield       |    27 |   113 |   240 |   164 ||   544

Table legend: (Time is in decaauts)
 A = Elapsed time spent in this place.
 B = Non-inter-level travel time spent in this place.
 C = Inter-level travel time spent in this place.
 D = Time resting spent in this place.
 E = Time spent auto-exploring this place.
 F = Levels seen in this place.
 G = Mean time per level.
                   A        B        C        D        E       F      G
               +--------+--------+--------+--------+--------+-----+--------+
         Total |   7549 |   7352 |    197 |     39 |   5393 |  10 |  754.9 |
       Dungeon |   7549 |   7352 |    197 |     39 |   5393 |  10 |  754.9 |
               +--------+--------+--------+--------+--------+-----+--------+

Top non-repeatable levels by time:
     D:1: 1034 daAuts
     D:7: 989 daAuts
     D:3: 951 daAuts
     D:5: 945 daAuts
     D:6: 899 daAuts
     D:9: 832 daAuts
     D:8: 713 daAuts
     D:4: 580 daAuts
     D:2: 564 daAuts
    D:10: 38 daAuts
